 Dungeon Crawl Stone Soup version 0.25.1-2-g60ff931df9 (webtiles) character file.

Game seed: 14425322932957423244

653 gbos the Cleaver (level 7, -5/93 HPs)
             Began as a Naga Berserker on Nov 17, 2020.
             Was a Priest of Trog.
             Slain by a wight
             ... wielding a +0 war axe
              (11 damage)
             ... on level 4 of the Dungeon.
             The game lasted 00:03:03 (4525 turns).

gbos the Cleaver (Naga Berserker)                   Turns: 4525, Time: 00:03:04

Health: -5/93      AC:  7    Str: 21    XL:     7   Next: 54%
Magic:  7/7        EV:  3    Int:  7    God:    Trog [***...]
Gold:   292        SH:  3    Dex: 11    Spells: 6/6 levels left

rFire    . . .     SeeInvis +   Y - +0 war axe
rCold    . . .     Gourm    .   n - +0 buckler
rNeg     + . .     Faith    .   i - +0 plate armour
rPois    +         Spirit   .   (no helmet)
rElec    .         Reflect  .   (no cloak)
rCorr    .         Harm     .   (no gloves)
MR       .....                  (no barding)
Stlth    ..........             (no amulet)
HPRegen  0.25/turn              o - ring of positive energy
MPRegen  0.10/turn              (no ring)

@: berserking (expiring), drained, quick
A: large, see invisible, deformed body, poison resistance, slowness 2, slow
metabolism 1, spit poison 1, AC +2
a: Spit Poison, Berserk, Trog's Hand, Renounce Religion


You were on level 4 of the Dungeon.
You worshipped Trog.
Trog was most pleased with you.
You were very hungry.

You visited 1 branch of the dungeon, and saw 4 of its levels.

You collected 292 gold pieces.


Innate Abilities, Weirdness & Mutations

You cannot wear boots.
Your serpentine skin is tough. (AC +2)
You have supernaturally acute eyesight. (SInv)
Armour fits poorly on your strangely shaped body.
Your system is resistant to poisons. (rPois)
You cover ground very slowly.
You have a slow metabolism.
You can spit poison.


   Skills:
 - Level 3.0(2.2) Fighting
 - Level 8.1(7.1) Axes
 - Level 2.0(1.1) Armour
 - Level 1.5(0.7) Dodging
 + Level 1.2(0.4) Shields


You had 6 spell levels left.
You didn't know any spells.
Your spell library was empty.

Inventory:

Hand Weapons
 g - a +1 hand axe of flaming
 Y - a +0 war axe (weapon)
Armour
 i - a +0 plate armour (worn)
 n - a +0 buckler (worn)
Jewellery
 o - a ring of positive energy (left hand)
Scrolls
 d - a scroll of identify
Potions
 a - a potion of haste {unknown}
 c - 3 potions of might
 f - a potion of degeneration {unknown}
 h - a potion of stabbing {unknown}
 j - a potion of curing {unknown}
 k - a potion of cancellation
 l - a potion of flight {unknown}
Comestibles
 b - 5 chunks of flesh
 e - 5 rations

Dungeon Overview and Level Annotations

Branches:
Dungeon (4/15)
 Temple: D:4-7

Altars:
Gozag
Hepliaklqana


Message History

Your plate armour prevents you from hitting the wight.
The wight is heavily damaged.
You closely miss the wight.
The wight is heavily damaged.
The wight hits you with a +3 trident.
You slash the wight!
You destroy the wight!
Trog accepts your kill.
Your base Shields skill increases to level 1!
You barely miss the wight. The wight hits you but does no damage.
You slash the wight!
The wight is severely damaged.
The wight hits you with a +0 war axe.
You closely miss the wight.
The wight is severely damaged.
You barely miss the wight.
The wight is severely damaged.
The wight hits you with a +0 war axe!
You die...

.#..# #.# #.# ...##
#.# ...# #.# #.# #.#
#.# #%##### #.....#
#.##.#######.#
......z@.# #.#
######## #....###.#
#.# .......# #....#
#.# #.# ######.#
#....# #.###.# # #.#
#....###.#...# # #.#
#......#.#.### # #.#
#......#.#.# ######.#
#.#..###.#.#
.......###........#.#


You could see a wight.

Vanquished Creatures
  Grinder (D:4)
  2 wights (D:4)
  An orc priest (D:3)
  3 orc wizards
  3 worker ants (D:4)
  4 gnolls (D:4)
  4 adders
  A howler monkey skeleton (D:4)
  An ooze (D:1)
  An adder skeleton (D:4)
  3 worms
  2 dart slugs (D:1)
  A leopard gecko (D:4)
  13 orcs
  2 ball pythons
  5 giant cockroaches
  11 goblins
  5 hobgoblins
  2 jackals (D:3)
  7 kobolds
  2 quokkas (D:4)
  6 bats
  5 frilled lizards
  A quokka skeleton (D:4)
  6 rats
92 creatures vanquished.

Notes
Turn   | Place    | Note
-------+----------+-------------------------------------------
     0 | D:1      | gbos the Naga Berserker began the quest for the Orb.
     0 | D:1      | Reached XP level 1. HP: 21/21 MP: 1/1
     0 | D:1      | 0 ||| counter = 180
     9 | D:1      | 9 ||| INVOKING Spit Poison.
    10 | D:1      | 10 ||| INVOKING Spit Poison.
    17 | D:1      | 17 ||| INVOKING Spit Poison.
    24 | D:1      | 24 ||| INVOKING Berserk.
   174 | D:1      | 174 ||| INVOKING Spit Poison.
   175 | D:1      | 175 ||| INVOKING Spit Poison.
   178 | D:1      | 178 ||| INVOKING Spit Poison.
   185 | D:1      | 185 ||| INVOKING Spit Poison.
   192 | D:1      | Reached XP level 2. HP: 28/28 MP: 2/2
   196 | D:1      | 196 ||| INVOKING Spit Poison.
   239 | D:1      | 239 ||| Stepping ~*~*~tactically~*~*~ (stealth).
   245 | D:1      | 245 ||| INVOKING Berserk.
   259 | D:1      | 259 ||| Stepping ~*~*~tactically~*~*~ (stealth).
   346 | D:1      | 346 ||| Stepping ~*~*~tactically~*~*~ (stealth).
   379 | D:1      | 379 ||| INVOKING Spit Poison.
   484 | D:1      | 484 ||| INVOKING Spit Poison.
   507 | D:1      | Reached skill level 4 in Axes
   708 | D:1      | 708 ||| INVOKING Spit Poison.
   751 | D:1      | 751 ||| INVOKING Spit Poison.
   752 | D:1      | 752 ||| INVOKING Spit Poison.
   758 | D:1      | Reached XP level 3. HP: 30/34 MP: 3/3
   797 | D:1      | 797 ||| INVOKING Spit Poison.
   947 | D:1      | 947 ||| INVOKING Spit Poison.
   949 | D:1      | 949 ||| Stepping ~*~*~tactically~*~*~ (stealth).
   952 | D:1      | 952 ||| INVOKING Spit Poison.
   955 | D:1      | 955 ||| INVOKING Spit Poison.
  1027 | D:1      | 1027 ||| INVOKING Spit Poison.
  1028 | D:1      | 1028 ||| INVOKING Spit Poison.
  1105 | D:1      | 1105 ||| INVOKING Spit Poison.
  1106 | D:1      | 1106 ||| Stepping ~*~*~tactically~*~*~ (stealth).
  1109 | D:1      | Reached ** piety under Trog
  1110 | D:1      | 1110 ||| INVOKING Spit Poison.
  1111 | D:1      | 1111 ||| INVOKING Spit Poison.
  1123 | D:1      | 1123 ||| UPGRADING to leather armour.
  1133 | D:1      | 1133 ||| DROPPING +0 animal skin.
  1134 | D:1      | 1134 ||| UPGRADING to plate armour.
  1144 | D:1      | 1144 ||| DROPPING +0 leather armour.
  1145 | D:1      | 1145 ||| READING scroll labeled NYAWAE YPONI.
  1146 | D:1      | 1146 ||| READING scroll labeled TICSAP LIPNODGH.
  1147 | D:1      | 1147 ||| READING scroll labeled WONAMAU EKOJE.
  1148 | D:1      | 1148 ||| READING scroll labeled EKHLOTZ SAMP.
  1149 | D:1      | 1149 ||| READING scroll labeled BIWUBIT ASKY.
  1150 | D:1      | 1150 ||| READING scroll labeled ATAYS QEPPAOH.
  1151 | D:1      | 1151 ||| DRINKING 2 metallic white potions.
  1223 | D:2      | 1223 ||| INVOKING Spit Poison.
  1224 | D:2      | 1224 ||| INVOKING Spit Poison.
  1254 | D:2      | 1254 ||| INVOKING Spit Poison.
  1261 | D:2      | 1261 ||| INVOKING Spit Poison.
  1344 | D:2      | 1344 ||| INVOKING Spit Poison.
  1516 | D:2      | Found a hazy altar of Hepliaklqana.
  1570 | D:2      | 1570 ||| INVOKING Spit Poison.
  1659 | D:2      | 1659 ||| INVOKING Spit Poison.
  1660 | D:2      | 1660 ||| INVOKING Spit Poison.
  1852 | D:2      | 1852 ||| Stepping ~*~*~tactically~*~*~ (hiding).
  1853 | D:2      | 1853 ||| Stepping ~*~*~tactically~*~*~ (hiding).
  1860 | D:2      | Reached XP level 4. HP: 42/42 MP: 4/4
  1861 | D:2      | 1861 ||| Waiting for ranged monster.
  1862 | D:2      | 1862 ||| Waiting for ranged monster.
  1869 | D:2      | 1869 ||| EATING 5 rations.
  1995 | D:2      | 1995 ||| READING scroll labeled SULOSAMIVVU.
  1996 | D:2      | 1996 ||| READING scroll labeled JIG PIJ ZEDWA.
  1997 | D:2      | 1997 ||| READING scroll of identify.
  1997 | D:2      | 1997 ||| IDENTIFYING tubular opal ring
  1998 | D:2      | 1998 ||| DROPPING ring of wizardry.
  2067 | D:3      | 2067 ||| INVOKING Spit Poison.
  2068 | D:3      | 2068 ||| INVOKING Spit Poison.
  2080 | D:3      | 2080 ||| FLEEEEING.
  2081 | D:3      | 2081 ||| FLEEEEING.
  2082 | D:3      | 2082 ||| FLEEEEING.
  2083 | D:3      | 2083 ||| FLEEEEING.
  2084 | D:3      | 2084 ||| STILL FLEEEEING.
  2085 | D:3      | 2085 ||| FLEEEEING.
  2086 | D:3      | 2086 ||| FLEEEEING.
  2087 | D:3      | 2087 ||| FLEEEEING.
  2088 | D:3      | 2088 ||| FLEEEEING.
  2089 | D:3      | 2089 ||| FLEEEEING.
  2090 | D:3      | 2090 ||| FLEEEEING.
  2091 | D:3      | 2091 ||| FLEEEEING.
  2092 | D:3      | 2092 ||| STILL FLEEEEING.
  2093 | D:3      | 2093 ||| FLEEEEING.
  2094 | D:3      | 2094 ||| STAIRDANCE
  2165 | D:3      | 2165 ||| STAIRDANCE
  2232 | D:3      | Found a faded altar of an unknown god.
  2236 | D:3      | 2236 ||| INVOKING Spit Poison.
  2241 | D:3      | 2241 ||| INVOKING Spit Poison.
  2257 | D:3      | 2257 ||| INVOKING Berserk.
  2263 | D:3      | Reached skill level 5 in Axes
  2264 | D:3      | Reached XP level 5. HP: 49/49 MP: 5/5
  2294 | D:3      | 2294 ||| Stepping ~*~*~tactically~*~*~ (stealth).
  2295 | D:3      | 2295 ||| Stepping ~*~*~tactically~*~*~ (stealth).
  2296 | D:3      | 2296 ||| Stepping ~*~*~tactically~*~*~ (stealth).
  2297 | D:3      | 2297 ||| Stepping ~*~*~tactically~*~*~ (stealth).
  2300 | D:3      | 2300 ||| INVOKING Spit Poison.
  2307 | D:3      | 2307 ||| DROPPING +0 whip.
  2497 | D:3      | 2497 ||| INVOKING Spit Poison.
  2501 | D:3      | 2501 ||| INVOKING Spit Poison.
  2516 | D:3      | 2516 ||| Stepping ~*~*~tactically~*~*~ (stealth).
  2517 | D:3      | 2517 ||| INVOKING Spit Poison.
  2522 | D:3      | 2522 ||| INVOKING Spit Poison.
  2524 | D:3      | 2524 ||| Stepping ~*~*~tactically~*~*~ (stealth).
  2526 | D:3      | 2526 ||| Stepping ~*~*~tactically~*~*~ (stealth).
  2527 | D:3      | 2527 ||| Stepping ~*~*~tactically~*~*~ (stealth).
  2528 | D:3      | 2528 ||| Stepping ~*~*~tactically~*~*~ (stealth).
  2531 | D:3      | 2531 ||| Stepping ~*~*~tactically~*~*~ (stealth).
  2533 | D:3      | 2533 ||| Stepping ~*~*~tactically~*~*~ (stealth).
  2641 | D:3      | 2641 ||| INVOKING Spit Poison.
  2642 | D:3      | 2642 ||| Stepping ~*~*~tactically~*~*~ (hiding).
  2643 | D:3      | 2643 ||| Waiting for ranged monster.
  2644 | D:3      | 2644 ||| Waiting for ranged monster.
  2645 | D:3      | 2645 ||| Waiting for ranged monster.
  2646 | D:3      | 2646 ||| Waiting for ranged monster.
  2649 | D:3      | 2649 ||| Waiting for ranged monster.
  2650 | D:3      | 2650 ||| Waiting for ranged monster.
  2651 | D:3      | 2651 ||| Waiting for ranged monster.
  2691 | D:3      | 2691 ||| INVOKING Spit Poison.
  2802 | D:3      | 2802 ||| SWAPPING to +1 hand axe of flaming.
  2803 | D:3      | 2803 ||| DROPPING +0 flail.
  2804 | D:3      | 2804 ||| DROPPING +1 hand axe.
  2979 | D:3      | 2979 ||| INVOKING Spit Poison.
  2980 | D:3      | 2980 ||| INVOKING Spit Poison.
  3056 | D:3      | Found an opulent altar of Gozag.
  3057 | D:3      | 3057 ||| SWAPPING to war axe.
  3098 | D:3      | 3098 ||| INVOKING Spit Poison.
  3102 | D:3      | Reached skill level 6 in Axes
  3153 | D:3      | 3153 ||| INVOKING Spit Poison.
  3154 | D:3      | 3154 ||| INVOKING Spit Poison.
  3325 | D:4      | 3325 ||| INVOKING Spit Poison.
  3326 | D:4      | 3326 ||| Stepping ~*~*~tactically~*~*~ (stealth).
  3329 | D:4      | 3329 ||| Stepping ~*~*~tactically~*~*~ (hiding).
  3330 | D:4      | 3330 ||| INVOKING Spit Poison.
  3331 | D:4      | 3331 ||| Stepping ~*~*~tactically~*~*~ (hiding).
  3333 | D:4      | 3333 ||| INVOKING Berserk.
  3344 | D:4      | Reached XP level 6. HP: 56/56 MP: 6/6
  3393 | D:4      | 3393 ||| EATING 4 rations.
  3435 | D:4      | 3435 ||| INVOKING Berserk.
  3497 | D:4      | 3497 ||| INVOKING Spit Poison.
  3498 | D:4      | 3498 ||| INVOKING Spit Poison.
  3683 | D:4      | 3683 ||| INVOKING Spit Poison.
  3835 | D:4      | 3835 ||| INVOKING Spit Poison.
  3836 | D:4      | 3836 ||| INVOKING Spit Poison.
  3836 | D:4      | Reached *** piety under Trog
  3894 | D:4      | 3894 ||| INVOKING Spit Poison.
  3895 | D:4      | 3895 ||| INVOKING Spit Poison.
  3898 | D:4      | 3898 ||| INVOKING Spit Poison.
  3913 | D:4      | 3913 ||| INVOKING Spit Poison.
  3916 | D:4      | Reached skill level 7 in Axes
  3970 | D:4      | 3970 ||| INVOKING Spit Poison.
  4153 | D:4      | 4153 ||| INVOKING Berserk.
  4246 | D:4      | Noticed Grinder
  4247 | D:4      | 4247 ||| Stepping ~*~*~tactically~*~*~ (hiding).
  4248 | D:4      | 4248 ||| Waiting for ranged monster.
  4249 | D:4      | 4249 ||| Waiting for ranged monster.
  4250 | D:4      | 4250 ||| INVOKING Trog's Hand.
  4251 | D:4      | 4251 ||| INVOKING Berserk.
  4262 | D:4      | Killed Grinder
  4262 | D:4      | Reached skill level 8 in Axes
  4262 | D:4      | Reached XP level 7. HP: 62/62 MP: 7/7
  4384 | D:4      | 4384 ||| FLEEEEING.
  4385 | D:4      | 4385 ||| FLEEEEING.
  4386 | D:4      | 4386 ||| FLEEEEING.
  4387 | D:4      | 4387 ||| STILL FLEEEEING.
  4388 | D:4      | 4388 ||| STAIRDANCE
  4433 | D:3      | 4433 ||| UPGRADING to buckler.
  4438 | D:3      | 4438 ||| READING scroll labeled ONIANO YSI XEB.
  4439 | D:3      | 4439 ||| READING scroll labeled USTRONASK NUVOI.
  4442 | D:3      | 4442 ||| DRINKING 4 ruby potions.
  4443 | D:3      | 4443 ||| READING scroll of identify.
  4443 | D:3      | 4443 ||| IDENTIFYING shiny ruby ring
  4444 | D:3      | 4444 ||| UPGRADING to ring of positive energy.
  4461 | D:4      | 4461 ||| Stepping ~*~*~tactically~*~*~ (stealth).
  4462 | D:4      | 4462 ||| Stepping ~*~*~tactically~*~*~ (stealth).
  4463 | D:4      | 4463 ||| Stepping ~*~*~tactically~*~*~ (stealth).
  4470 | D:4      | 4470 ||| INVOKING Spit Poison.
  4471 | D:4      | 4471 ||| INVOKING Spit Poison.
  4474 | D:4      | 4474 ||| INVOKING Spit Poison.
  4513 | D:4      | 4513 ||| INVOKING Berserk.
  4516 | D:4      | HP: 17/93 [wight/+3 trident (7)]
  4517 | D:4      | HP: 8/93 [wight/+3 trident (1)]
  4521 | D:4      | Reached skill level 1 in Shields
  4523 | D:4      | HP: 6/93 [wight/+0 war axe (1)]
  4525 | D:4      | Slain by a wight

Levels and vault maps discovered:
D:1:      tarquinn_simple_flora_water_f, layout_rooms
D:2:      layout_loops_ring, overflow_temple_1_default, first_ration
D:3:      layout_basic, nicolae_gozag_seed_capital,
          chequers_ecumenical_altar_simple_redux
D:4:      layout_basic, minmay_misc_feat_diagonals, uniq_grinder

Skill      XL: |  1  2  3  4  5  6  7 |
---------------+----------------------+-----
Axes           | 4 5 6 8 |  8.1
Armour         | 2 |  2.0
Shields        | 1 |  1.2
Fighting       | |  3.0
Dodging        | |  1.5

Action                   |  1- 3 |  4- 6 |  7- 9 || total
-------------------------+-------+-------+-------++-------
Melee: Hand axe          |    81 |    63 |       ||   144
       War axe           |       |    80 |    30 ||   110
Invok: Berserk           |     2 |     5 |     1 ||     8
       Trog's Hand       |       |     1 |       ||     1
 Abil: Spit Poison       |    23 |    21 |     2 ||    46
  Use: Scroll            |     6 |     3 |     3 ||    12
       Potion            |     1 |       |     1 ||     2
  Eat: Chunk             |     4 |     5 |     2 ||    11
       Ration            |       |     2 |       ||     2
Armor: Animal skin       |     1 |       |       ||     1
       Plate armour      |    10 |    57 |     5 ||    72
Dodge: Dodged            |    39 |    24 |     4 ||    67

Table legend:
 A = Non-vault XP
 B = Vault XP
 C = Vault XP percentage of total XP
 D = Non-vault monster count
 E = Vault monster count
 F = Vault count percentage of total count
                 A         B        C        D         E       F
            +---------+---------+-------+---------+---------+-------
      Total |     652 |     281 |  30.1 |      91 |       1 |   1.1
            +---------+---------+-------+---------+---------+-------
        D:1 |      55 |       0 |   0.0 |      29 |       0 |   0.0
        D:2 |      27 |       0 |   0.0 |      10 |       0 |   0.0
        D:3 |     162 |       0 |   0.0 |      26 |       0 |   0.0
        D:4 |     408 |     281 |  40.8 |      26 |       1 |   3.7
            +---------+---------+-------+---------+---------+-------
